 Dungeon Crawl Stone Soup version 0.16-a0-3736-g4b94454 (webtiles) character file.

1017 Johnny the Shield-Bearer (level 8, 0/54 HPs)
             Began as an Octopode Fighter on Jan 22, 2015.
             Slain by Blork the orc
             ... wielding a +4 long sword of slicing
              (1 damage)
             ... on level 4 of the Dungeon.
             The game lasted 00:03:53 (3223 turns).

Johnny the Shield-Bearer (Octopode Fighter)         Turns: 3223, Time: 00:03:53

Health: 0/54       AC:  1    Str: 16    XL:     8   Next: 22%
Magic:  8/8        EV: 13    Int: 10    God:
Gold:   177        SH: 10    Dex: 13    Spells: 0 memorised, 7 levels left

rFire  . . .     SeeInvis .     w - +2 dagger (speed)
rCold  . . .     Clarity  .     c - +0 shield
rNeg   . . .     SustAb   .     (helmet restricted)
rPois  .         Gourm    .     n - amulet of resist corrosion
rElec  .         Spirit   .     (no ring)
rCorr  +         Warding  .     (no ring)
rMut   .         Stasis   .     (no ring)
MR     .....                    (no ring)
Stlth  ++........               (no ring)
                                (no ring)
                                (no ring)
                                (no ring)

@: not resistant to hostile enchantments, unstealthy
A: almost no armour, amphibious, 8 rings, constrict 8, camouflage 1, gelatinous
body 1
a: no special abilities


You were on level 4 of the Dungeon.
You were not hungry.

You visited 1 branch of the dungeon, and saw 4 of its levels.

You collected 177 gold pieces.

Inventory:

Hand weapons
 a - a cursed +0 long sword
 o - a +3 dagger
 w - a +2 dagger of speed (weapon)
Armour
 c - a +0 shield (worn)
Jewellery
 n - an amulet of resist corrosion (around mantle)
Magical devices
 u - a wand of cold (4)
 x - a wand of teleportation (1)
Scrolls
 g - a scroll of teleportation
 j - 2 scrolls of enchant weapon
 l - a scroll of noise {unknown}
 r - a scroll of recharging {unknown}
 s - a scroll of random uselessness {unknown}
 t - 2 scrolls of fear {unknown}
 v - a scroll of remove curse
Potions
 b - 2 potions of agility {unknown}
 f - a potion of restore abilities {unknown}
 h - a potion of haste {unknown}
 m - a potion of heal wounds {unknown}
 p - 2 potions of flight {unknown}
 z - 2 potions of ambrosia {unknown}
Comestibles
 d - 4 bread rations
 i - a slice of pizza
 k - a meat ration
 A - a beef jerky


   Skills:
 + Level 4.8 Fighting
 + Level 4.0 Long Blades
 * Level 6.1 Dodging
 * Level 6.2 Shields


You had 7 spell levels left.
You didn't know any spells.

Dungeon Overview and Level Annotations

Branches:
Dungeon (4/15)
 Temple: D:4-7

Altars:
Makhleb

Annotations:
D:4 Blork the orc


Innate Abilities, Weirdness & Mutations

You cannot wear most types of armour.
You are amphibious.
You can wear up to eight rings at the same time.
You can use your tentacles to constrict many enemies at once.
Your skin changes colour to match your surroundings (Stealth).
Your rubbery body absorbs attacks (AC +1).


Message History

Drink which item? (? for menu, Esc to quit)
You feel better.
You constrict the orc priest, but do no damage.
The goblin misses you. You block the orc priest's attack.
Drink which item? (? for menu, Esc to quit)
You feel better.
You constrict the orc priest.
You kill the orc priest!
Something hits you!
* * * LOW HITPOINT WARNING * * *
x2 You block the goblin's attack.
Unknown command.
You hit the orc but do no damage. Your grab misses the orc.
Your squeeze misses the orc.
You hear some strange, mumbled words.
The puff of frost misses you. You block the goblin's attack.
You hit the orc. Your grab misses the orc.
The orc is moderately wounded.
You block the orc's attack. Something hits you.
* * * LOW HITPOINT WARNING * * *
You die...

... #.##..#
#....?..# #.#...#
......)...###.....#
...........+.......#
#.........###.....#
#.......# #.....#
#.....# ##.####
#g{o# #.### #@#
#...# #.# ###.# #.#
#.# ##.## #.#
##...## #.# #.....#
#.# ##...## #.#
##.##########.#
#.####............#


You could see an orc and a goblin.

Vanquished Creatures
  The ghost of Johnny the Skirmisher, an experienced OpFi (D:4)
  Grinder (D:3)
  Menkaure (D:4)
  2 crimson imps (D:3)
  2 orc priests
  A hound (D:2)
  Crazy Yiuf (D:3)
  Natasha (thrice) (D:3)
  Ijyb (D:2)
  Robin (D:3)
  4 adders
  A white imp (D:3)
  4 worms
  A giant gecko (D:1)
  6 orcs
  2 ball pythons
  2 giant cockroaches
  5 hobgoblins
  5 kobolds
  4 quokkas
  3 bats (D:3)
  2 giant newts (D:2)
  21 goblins
  7 jackals
  2 rats
83 creatures vanquished.

Notes
Turn   | Place    | Note
--------------------------------------------------------------
     0 | D:1      | Johnny, the Octopode Fighter, began the quest for the Orb.
     0 | D:1      | Reached XP level 1. HP: 16/16 MP: 1/1
   276 | D:1      | Reached XP level 2. HP: 19/21 MP: 2/2
   562 | D:2      | Noticed Ijyb
   578 | D:2      | Killed Ijyb
   578 | D:2      | Reached XP level 3. HP: 16/26 MP: 3/3
   877 | D:2      | Reached XP level 4. HP: 28/31 MP: 4/4
  1264 | D:2      | Reached skill level 4 in Dodging
  1267 | D:2      | Reached XP level 5. HP: 30/36 MP: 5/5
  1345 | D:2      | Found a burning altar of Makhleb.
  1470 | D:3      | Noticed Robin
  1886 | D:3      | Noticed Natasha
  1893 | D:3      | Killed Natasha
  2044 | D:3      | Noticed Grinder
  2050 | D:3      | Paralysed by Grinder for 3 turns
  2055 | D:3      | Killed Grinder
  2055 | D:3      | Reached skill level 5 in Dodging
  2055 | D:3      | Reached XP level 6. HP: 19/43 MP: 6/6
  2313 | D:3      | Killed Robin
  2316 | D:3      | Reached skill level 5 in Shields
  2319 | D:3      | Noticed Natasha
  2325 | D:3      | Reached XP level 7. HP: 23/48 MP: 7/7
  2509 | D:3      | Killed Natasha
  2786 | D:3      | Noticed Natasha
  2793 | D:3      | Killed Natasha
  2813 | D:3      | Noticed Crazy Yiuf
  2821 | D:3      | Killed Crazy Yiuf
  2914 | D:4      | Noticed Johnny's ghost (experienced OpFi)
  2950 | D:4      | Killed Johnny's ghost
  2950 | D:4      | Reached XP level 8. HP: 14/54 MP: 8/8
  3197 | D:4      | Noticed Menkaure
  3201 | D:4      | Noticed Blork the orc
  3207 | D:4      | Killed Menkaure
  3207 | D:4      | Reached skill level 6 in Dodging
  3223 | D:4      | HP: 1/54 [something (4)]
  3223 | D:4      | Slain by Blork the orc

Action                   |  1- 3 |  4- 6 |  7- 9 || total
-------------------------+-------+-------+-------++-------
Melee: Long sword        |    49 |     2 |       ||    51
       Dagger            |       |   106 |    70 ||   176
  Use: Scroll            |       |     5 |       ||     5
       Potion            |       |       |     7 ||     7
 Stab: Sleeping          |       |     1 |       ||     1
  Eat: Chunk             |       |     1 |       ||     1
       Meat ration       |       |     1 |     1 ||     2
